Cogmind - Beta 16.1 @@@ ROGUE MODE // 2026.01.24 @ 12:17:56 Player: szymekc Result: Destroyed by 8R-AWN with 8R-AWN's Boregun Performance ------------- Evolutions (1) 500 Regions Visited (5) 1000 Robots Destroyed (52) 260 Value Destroyed (957) 957 Prototype IDs (29) 580 Alien Tech Used (0) 0 Bonus (165) 165 TOTAL SCORE: 3462 Bonus ------- Aligned with FarCom 300 Friendly Fire -135 Cogmind --------- Core Integrity 0/400 Matter 11/300 Energy 100/100 System Corruption 1% Temperature Cool (0) Movement Core (350) Ox6 Location -9/Exiles Parts ------- > --- POWER (1) -------- (None) > --- PROPULSION (3) --- (None) > --- UTILITY (2) ------ Heavy Armor Plating > --- WEAPON (3) ------- Autogun Makeshift Spear > --- INVENTORY (5) ---- Reinforced Deuterium Engine Medium Matter Pod (100) Signal Generator Peak State ------------ > --- POWER ------------ Deuterium Engine > --- PROPULSION ------- Armored Wheel Armored Wheel Armored Wheel > --- UTILITY ---------- Improved Heat Sink High-capacity Storage Unit > --- WEAPON ----------- Heavy Assault Rifle Heavy Assault Rifle Improved Assault Rifle > --- INVENTORY -------- Improved Ion Engine Light Treads Light Treads Seismic Detector Heavy Armor Plating Heavy Armor Plating Heavy Armor Plating Heavy Armor Plating Autogun Autogun Autogun Autogun Autogun Rocket Launcher Rocket Launcher Mining Claw [Rating: 24] Favorites ----------- Power Deuterium Engine Engine Deuterium Engine Propulsion Light Treads Treads Light Treads Wheel Armored Wheel Utility Seismic Detector Device Seismic Detector Storage High-capacity Storage Unit Protection Heavy Armor Plating Weapon Autogun Energy Gun Improved Medium Laser Ballistic Gun Autogun Slashing Weapon Mining Claw Piercing Weapon Makeshift Spear Build | -11 -10 -10 -9 -9 -9 ------- Run | Yrd Mat Min Mat Min Exi Slots Evolved 2 | . . . 2 . . Power . | . . . . . . Propulsion 1 | . . . 1 . . Utility . | . . . . . . Weapon 1 | . . . 1 . . Parts Attached 46 | 7 7 5 21 . 6 Power 7 | 1 . 2 4 . . Engine 7 | 1 . 2 4 . . Core . | . . . . . . Reactor . | . . . . . . Propulsion 12 | 2 . 1 7 . 2 Treads 7 | 2 . . 3 . 2 Leg . | . . . . . . Wheel 5 | . . 1 4 . . Hover . | . . . . . . Flight . | . . . . . . Utility 9 | 2 1 2 2 . 2 Device 5 | 2 . 2 1 . . Storage 2 | . 1 . 1 . . Processor . | . . . . . . Hackware . | . . . . . . Protection 2 | . . . . . 2 Artifact . | . . . . . . Weapon 18 | 2 6 . 8 . 2 Energy Gun 5 | . 3 . 2 . . Energy Cannon . | . . . . . . Ballistic Gun 11 | 2 2 . 6 . 1 Ballistic Cannon . | . . . . . . Launcher . | . . . . . . Special Weapon . | . . . . . . Impact Weapon . | . . . . . . Slashing Weapon 1 | . 1 . . . . Piercing Weapon 1 | . . . . . 1 Special Melee Weapon . | . . . . . . Unidentified Prototypes 1 | . 1 . . . . Parts Lost 19 | . . 3 2 . 14 Power 4 | . . 2 1 . 1 Propulsion 7 | . . 1 . . 6 Utility 2 | . . . . . 2 Weapon 6 | . . . 1 . 5 Highest Loss Streak 14 | . . 2 1 . 14 To Critical Strikes 3 | . . . . . 3 Average Backups 11 | 1 5 8 14 15 14 Power . | . . . . . 2 Propulsion 1 | . . 1 1 3 2 Utility 3 | . . 1 3 6 5 Weapon 5 | 1 4 5 8 5 4 Tool/Special . | . . . . . . Unused Backups 19 | . 4 . 5 1 9 Power 4 | . . . 1 . 3 Propulsion 2 | . . . 2 . . Utility 7 | . 1 . 1 . 5 Weapon 5 | . 3 . . 1 1 Tool/Special 1 | . . . 1 . . Average Slot Usage (%) 98 | . 100 100 98 100 90 Engine 11 | . 14 14 10 11 8 Treads 23 | . 28 25 8 33 28 Wheel 7 | . . 2 24 . . Device 13 | . 22 14 11 11 8 Storage 10 | . 5 14 11 11 9 Energy Gun 11 | . 21 28 6 . . Ballistic Gun 18 | . 1 . 24 33 31 Peak Build Rating 24 | 9 13 14 24 21 20 Average Rating 16 | 5 12 12 21 20 18 On Entrance 12 | . 9 12 14 21 20 Avg Prop Armor Cover (%) 12 | . . 13 12 . . Naked Turns . | . . . . . . Heaviest Build 63 | 10 32 32 63 63 59 Greatest Support 60 | 40 40 40 60 60 60 Greatest Overweight (x) 7 | . . 2 2 1 7 Average Overweight (x) . | . . . . . . Largest Inventory Capacity 20 | 5 15 15 20 20 20 Average Capacity 15 | 5 8 15 18 20 17 Most Carried 20 | 3 7 12 20 20 20 Average Carried 13 | 1 5 8 16 19 16 Final Capacity 20 | 5 15 15 20 20 5 Final Carried 20 | 3 7 10 19 20 3 Class Distribution -------------------- 43% | Mutant 32% | Scavenger-Gunner 15% | Gunner 4% | Tank 4% | Scavenger-Tank Dominant Class ---------------- Mutant | -10/Materials Mutant | -10/Mines Gunner | -9/Materials Scavenger-Gunner | -9/Mines Scavenger-Gunner | -9/Exiles Resources | -11 -10 -10 -9 -9 -9 ----------- Run | Yrd Mat Min Mat Min Exi Matter Collected 1289 | 362 58 89 581 184 15 Remotely . | . . . . . . Salvage Created 1571 | 201 96 124 864 212 74 Parts 116 | 15 11 14 64 12 . Haulers Intercepted 1 | . . . 1 . . Recyclers Shooed . | . . . . . . Parts Field Recycled . | . . . . . . Retrieved Matter . | . . . . . . Parts Self-Destructed . | . . . . . . Prevented . | . . . . . . Parts Restored . | . . . . . . Kills | -11 -10 -10 -9 -9 -9 ------- Run | Yrd Mat Min Mat Min Exi Combat Hostiles Destroyed 42 | . 5 11 20 1 5 Guns 38 | . 5 8 19 1 5 AOE 3 | . . 3 . . . Classes Destroyed 11 | 2 2 1 6 . . Worker 2 | . . . 2 . . Builder 2 | . . . 1 1 . Tunneler 9 | 7 . . . 2 . Hauler 1 | . . . 1 . . Recycler 2 | 1 . . . 1 . Operator 1 | . 1 . . . . Watcher 1 | . . . 1 . . Swarmer 20 | . 5 8 7 . . Grunt 7 | . . . 6 1 . Sentry 7 | . . . 7 . . Assembled 8 | . . 3 . . 5 Best Kill Streak 5 | 2 3 3 4 2 5 Combat Bots Only 5 | . 3 3 3 1 5 Max Kills in Single Turn 3 | 1 1 3 2 2 1 Gunslinging 1 | . . . 1 . . Exploded 3 | . . 3 . . . Melee . | . . . . . . Uniques/NPCs Destroyed . | . . . . . . Combat | -11 -10 -10 -9 -9 -9 -------- Run | Yrd Mat Min Mat Min Exi Hostile Shots Fired 291 | . 18 49 92 5 127 Missed 78 | . 3 10 31 . 34 Hits 213 | . 15 39 61 5 93 Melee 6 | . . 5 . . 1 Projectile 207 | . 15 34 61 5 92 Critical Strikes 24 | . 1 . 3 . 20 Damage Taken 3526 | . 165 426 715 69 2151 Core 500 | . 49 34 28 . 389 Absorbed by Shields 12 | . . . 12 . . Regen/Repaired (Parts) 128 | . . . 128 . . Core Remaining (%) 83 | 100 . 66 . . . Volleys Fired 142 | 23 12 24 53 6 24 Largest 3 | 2 2 2 3 3 3 Hottest 177 | 40 112 112 177 69 69 Shots Fired 361 | 46 24 48 153 18 72 Gun 361 | 46 24 48 153 18 72 Cannon . | . . . . . . Launcher . | . . . . . . Special . | . . . . . . Kinetic 249 | 46 . . 113 18 72 Thermal 112 | . 24 48 40 . . Explosive . | . . . . . . Electromagnetic . | . . . . . . Robot Hit Streak 19 | 5 4 6 11 8 19 Robot Miss Streak 7 | 5 4 4 7 1 1 Penetration Max . | . . . . . . Secondary Targets 10 | . . 2 4 1 3 Max Gunslinging Chain 1 | . . 1 1 1 1 Shots Hit Robots 226 | 25 11 22 92 12 64 Core Hits 91 | 13 7 13 40 7 11 Critical Kills . | . . . . . . Critical Parts Destroyed 1 | . . . . . 1 Critical Strikes 6 | . . 2 3 . 1 Burn 5 | . . 2 3 . . Destroy 1 | . . . . . 1 Melee Attacks 10 | . 5 . 2 . 3 Impact . | . . . . . . Slashing 7 | . 5 . 2 . . Piercing 3 | . . . . . 3 Sneak Attacks . | . . . . . . Combat Hostiles . | . . . . . . Follow-up Attacks . | . . . . . . Damage Inflicted 3725 | 263 200 508 1565 236 953 Guns 3536 | 263 184 396 1565 205 923 Cannons . | . . . . . . Explosions 112 | . . 112 . . . Melee 24 | . . . . . 24 Ramming 53 | . 16 . . 31 6 Kinetic 2549 | 263 . . 1158 205 923 Thermal 1099 | . 184 508 407 . . Explosive . | . . . . . . Electromagnetic . | . . . . . . Impact . | . . . . . . Slashing . | . . . . . . Piercing 24 | . . . . . 24 Highest Corruption 1 | . . . . . 1 Average Corruption 1 | . . . . . 1 Corruption Purged . | . . . . . . Corruption Blocked . | . . . . . . Overload Shots . | . . . . . . Overflow Damage 2 | . . . . 2 . Projectiles . | . . . . . . Explosions . | . . . . . . Melee 2 | . . . . 2 . Knockbacks . | . . . . . . Impact . | . . . . . . Kinetic . | . . . . . . Secondary . | . . . . . . Self-Inflicted Damage . | . . . . . . Shots . | . . . . . . Rammed 5 | . 2 . . 2 1 Targets Rammed 5 | . 2 . . 2 1 Kicked . | . . . . . . Crushed . | . . . . . . Highest Temperature 210 | . 204 204 210 33 174 Average Temperature 65 | . 70 85 45 13 66 Received Heat Transfer 291 | . . 15 240 36 . Siege Activations . | . . . . . . Martial Activations . | . . . . . . Shielding Activations . | . . . . . . Robots Disrupted . | . . . . . . Combat Hostiles . | . . . . . . Robots Corrupted 1 | . . . . 1 . Combat Hostiles . | . . . . . . Parts Fried 2 | . . . . 2 . Impact Corruptions 1 | . . . . 1 . Robots Melted 1 | . . . 1 . . Combat Hostiles 1 | . . . 1 . . Parts Melted 6 | . 1 2 3 . . Heat Transferred 2581 | . 407 1149 1025 . . Parts Sabotaged . | . . . . . . Parts Stolen . | . . . . . . Parts Stripped . | . . . . . . Power Chain Reactions . | . . . . . . Alert | -11 -10 -10 -9 -9 -9 ------- Run | Yrd Mat Min Mat Min Exi Maximum Alert Level 1 | . . 1 . . . Low Security (%) 98 | 100 100 94 100 100 . Level 1 1 | . . 5 . . . Level 2 . | . . . . . . Level 3 . | . . . . . . Level 4 . | . . . . . . Level 5 . | . . . . . . High Security . | . . . . . . Max Security . | . . . . . . Peak Influence 215 | 5 137 215 167 43 . Initial 74 | . . 6 74 43 . Average 32 | 1 40 28 67 2 . Influence Increases 1201 | 40 180 325 611 45 . Destroy 0b10 Robot/C 680 | . 100 160 400 20 . Destroy 0b10 Robot/NC 95 | 40 5 . 25 25 . Destroy Leader 164 | . 20 30 114 . . Successful Hack 23 | . 4 . 19 . . Disable Machine 105 | . 15 75 15 . . Destroy Structure 44 | . 6 30 8 . . Lose Combat Pursuer 90 | . 30 30 30 . . Influence Decreases 1201 | 40 162 152 689 158 . Entered New Map 199 | . . 12 117 70 . Time Decay 797 | 40 162 130 377 88 . Lost Part 20 | . . 10 10 . . Purge Threat 185 | . . . 185 . . Squads Dispatched 1 | . . . 1 . . Investigation . | . . . . . . Extermination . | . . . . . . Reinforcement 1 | . . . 1 . . Assault . | . . . . . . Garrison . | . . . . . . Intercept . | . . . . . . Searches Triggered . | . . . . . . Construction Impeded . | . . . . . . Haulers Reinforced . | . . . . . . Active Scanning Responses . | . . . . . . Cargo Convoy Interrupts . | . . . . . . Stealth | -11 -10 -10 -9 -9 -9 --------- Run | Yrd Mat Min Mat Min Exi Distress Signals 3 | . 1 . 2 . . Communications Jammed . | . . . . . . Distress Signals . | . . . . . . Times Spotted 70 | . 14 12 31 3 10 Peak Tracking Total 12 | . 5 3 5 2 12 Tactical Retreats 10 | . 2 1 1 . 6 Traps | -11 -10 -10 -9 -9 -9 ------- Run | Yrd Mat Min Mat Min Exi Traps Triggered 1 | . 1 . . . . Indirectly . | . . . . . . Trap Hack Attempts . | . . . . . . Triggered . | . . . . . . Disarmed . | . . . . . . Reprogrammed . | . . . . . . Reused . | . . . . . . Traps Extracted . | . . . . . . Installed . | . . . . . . Triggered . | . . . . . . Machines | -11 -10 -10 -9 -9 -9 ---------- Run | Yrd Mat Min Mat Min Exi Machines Disabled 11 | . 1 5 2 . 3 Max in Single Turn 5 | . 1 5 1 . 1 Machines Repaired . | . . . . . . Machines Dismantled . | . . . . . . Machines Sabotaged . | . . . . . . Overloaded Fab Kills . | . . . . . . Hacking | -11 -10 -10 -9 -9 -9 --------- Run | Yrd Mat Min Mat Min Exi Machines Accessed 13 | . 3 . 9 . 1 Terminals 10 | . 3 . 7 . . Fabricators . | . . . . . . Repair Stations 1 | . . . 1 . . Recycling Units . | . . . . . . Scanalyzers 1 | . . . 1 . . Garrison Access . | . . . . . . Total Hacks 44 | . 8 . 35 . 1 Successful 19 | . 2 . 16 . 1 Failed 24 | . 6 . 18 . . Catastrophic 1 | . 1 . . . . Database Lockouts 1 | . . . 1 . . Manual 24 | . 4 . 19 . 1 Terminals 38 | . 8 . 30 . . Fabricators . | . . . . . . Repair Stations 3 | . . . 3 . . Recycling Units . | . . . . . . Scanalyzers 2 | . . . 2 . . Garrison Access . | . . . . . . Terminal Hacks 9 | . 1 . 7 . 1 Prototype ID Bank 3 | . 1 . 2 . . Terminal Index 1 | . . . 1 . . Unreport Threat 2 | . . . 2 . . Hauler Manifests 1 | . . . 1 . . Registered Components 1 | . . . 1 . . Proto ID Catalog 1 | . . . . . 1 Fabricator Hacks . | . . . . . . Repair Station Hacks 2 | . . . 2 . . Scan Component 1 | . . . 1 . . Repair 1 | . . . 1 . . Recycling Unit Hacks . | . . . . . . Scanalyzer 1 | . . . 1 . . Retrieve Study 1 | . . . 1 . . Garrison Access Hacks . | . . . . . . Unauthorized Hacks 7 | . 1 . 6 . . Terminals 7 | . 1 . 6 . . Botnet 1 | . . . 1 . . Skim 6 | . 1 . 5 . . Fabricators . | . . . . . . Repair Stations . | . . . . . . Recycling Units . | . . . . . . Scanalyzers . | . . . . . . Garrison Access . | . . . . . . Data Cores Recovered 1 | . 1 . . . . Used . | . . . . . . Hacking Detections 9 | . 3 . 6 . . Full Trace Events . | . . . . . . Feedback Events . | . . . . . . Feedback Blocked . | . . . . . . Robot Schematics Acquired . | . . . . . . Robots Built . | . . . . . . Authchips . | . . . . . . Time . | . . . . . . Total Robot Build Rating . | . . . . . . Part Schematics Acquired . | . . . . . . Parts Built . | . . . . . . Authchips . | . . . . . . Time . | . . . . . . Total Part Build Rating . | . . . . . . Part Studies Acquired 1 | . . . 1 . . Parts Repaired 1 | . . . 1 . . Time 26 | . . . 26 . . Parts Recycled . | . . . . . . Recycled Matter . | . . . . . . Retrieved Matter . | . . . . . . Retrieved Components . | . . . . . . Parts Scanalyzed . | . . . . . . Part Schematics Acquired . | . . . . . . Parts Damaged . | . . . . . . Bothacking | -11 -10 -10 -9 -9 -9 ------------ Run | Yrd Mat Min Mat Min Exi Used RIF Installer . | . . . . . . Robots Hacked . | . . . . . . Non-combat . | . . . . . . Combat . | . . . . . . Robot Hacks Applied . | . . . . . . Relay Couplers Released . | . . . . . . Fabnet Peak Effective % . | . . . . . . Robots Rewired . | . . . . . . Allies Hacked . | . . . . . . Hacks Repelled . | . . . . . . Allies | -11 -10 -10 -9 -9 -9 -------- Run | Yrd Mat Min Mat Min Exi Total Allies . | . . . . . . Largest Group . | . . . . . . Highest-Rated Group . | . . . . . . Highest-Rated Ally . | . . . . . . Total Orders . | . . . . . . Ally Attacks . | . . . . . . Total Damage . | . . . . . . Kills . | . . . . . . Allies Corrupted . | . . . . . . Allies Melted . | . . . . . . Intel | -11 -10 -10 -9 -9 -9 ------- Run | Yrd Mat Min Mat Min Exi Active Infowar (turns) 3156 | 165 686 739 . 1145 421 Terrain 449 | 17 432 . . . . Seismic 3156 | 165 686 739 . 1145 421 Robot Analysis Total . | . . . . . . Derelict Logs Recovered 3 | . . 1 . 2 . Drone Launches . | . . . . . . Drone Recoveries . | . . . . . . Exploration | -11 -10 -10 -9 -9 -9 ------------- Run | Yrd Mat Min Mat Min Exi Turns Passed 4778 | 256 686 968 1179 1165 524 Spaces Moved 2641 | 115 372 443 760 689 262 Core 10 | 4 . . . . 6 Treads 1823 | 111 372 286 109 689 256 Legs . | . . . . . . Wheels 808 | . . 157 651 . . Hover . | . . . . . . Flight . | . . . . . . Fastest Speed 50 | 50 160 110 90 160 160 Average Speed 146 | 156 160 142 119 160 166 Slowest Speed 400 | 160 160 160 240 240 400 Overloaded Moves . | . . . . . . Propulsion Burnouts . | . . . . . . Robots Hopped . | . . . . . . Potential Cave-ins . | . . . . . . Cave-ins Triggered . | . . . . . . Exploration Rate (%) 63 | 5 62 87 65 99 62 Regions Visited 5 Branch Regions 3 Pre-discovered Areas 4 | . . 2 2 . . Known Exits Taken 1 | . . . 1 . . Unknown Exits Taken 4 | 1 1 1 . 1 . Scrap Searched 3 | . . 1 . 2 . Spaces Dug 6 | . 4 . 2 . . Terrain Destroyed 45 | . 4 39 2 . . Melee 6 | . 4 . 2 . . Projectile . | . . . . . . AOE 39 | . . 39 . . . Terrain Rammed . | . . . . . . Walls Destroyed . | . . . . . . Machines Disabled . | . . . . . . Actions | -11 -10 -10 -9 -9 -9 --------- Run | Yrd Mat Min Mat Min Exi Total 3254 | 147 426 730 909 735 307 Wait 321 | . 13 253 27 28 . Move 2636 | 114 371 442 759 688 262 Hop . | . . . . . . Pick Up 47 | 3 8 5 22 5 4 Fast Attach 15 | 7 . 1 5 . 2 Attach 11 | . . 2 2 . 7 Detach 1 | . . . 1 . . Swap 32 | . 10 3 18 1 . Drop 33 | . 5 . 20 4 4 Fire 142 | 23 12 24 53 6 24 Melee 10 | . 5 . 2 . 3 Ram . | . . . . . . Kick . | . . . . . . Crush 5 | . 2 . . 2 1 Escape Stasis . | . . . . . . Rewire 1 | . . . . 1 . Trap . | . . . . . . Miscellaneous . | . . . . . . Route ------- -11/Scrapyard -10/Materials (discovered 3 exits: *Mat x2 / [*Min]) -10/Mines (discovered 2 exits: *Mat x2) -9/Materials (discovered 5 exits: *Mat x3 / *Min x2) -9/Mines (discovered 3 exits: *Mat x2 / *Exi) -9/Exiles History --------- Turn | Location | Event 3 | -11/Scrapyard | Discovered new exit (range 16) 257 | -11/Scrapyard | Entered Materials 316 | -10/Materials | Build established: Mutant 457 | -10/Materials | Discovered new exit (range 4) 725 | -10/Materials | Discovered new exit (range 8) 813 | -10/Materials | Discovered new exit (range 6) 943 | -10/Materials | Entered Mines 958 | -10/Mines | Discovered new exit (range 9) 994 | -10/Mines | Learned location of Storage (-8) 1126 | -10/Mines | Assembled infested the area 1748 | -10/Mines | Discovered new exit (range 5) 1911 | -10/Mines | Entered Materials 1911 | -9/Materials | Evolved 2 slots: Propulsion x1, Weapon x1 2005 | -9/Materials | Repaired Lgt. Treads 2132 | -9/Materials | Discovered new exit (range 13) 2147 | -9/Materials | Central database locked down 2331 | -9/Materials | Build established: Gunner 2515 | -9/Materials | Discovered new exit (range 16) 2574 | -9/Materials | Learned Storage emergency access door positions 2655 | -9/Materials | Identified exit to Mines 2680 | -9/Materials | Loaded intel: 2 recycling unit locations 2693 | -9/Materials | Identified exit to Materials 2710 | -9/Materials | Learned 2 Storage zone layouts 2765 | -9/Materials | Learned 4 Recycling zone layouts 3090 | -9/Materials | Entered Mines 3122 | -9/Mines | Found a damaged Exp. Sensor Array with a note attached 3126 | -9/Mines | Found Prototype Device 3195 | -9/Mines | Met a Derelict testing a Signal Generator 3209 | -9/Mines | Found Signal Generator 3427 | -9/Mines | Build established: Scavenger-Gunner 3483 | -9/Mines | Discovered exit to Materials (range 14) 3694 | -9/Mines | Learned Materials emergency access door positions 3805 | -9/Mines | A weapon hastily lodged in a ceiling crevice suddenly fell to the ground 3962 | -9/Mines | Discovered exit to Materials (range 3) 4248 | -9/Mines | Deemed a non-threat by the Exiles lab entrance 4248 | -9/Mines | Discovered new exit (range 5) 4255 | -9/Mines | Entered Exiles 4318 | -9/Exiles | Met 8R-AWN 4352 | -9/Exiles | Met EX-HEX 4468 | -9/Exiles | Met EX-BIN 4494 | -9/Exiles | Aligned with FarCom system 4496 | -9/Exiles | Given EX-Vault access code 4536 | -9/Exiles | Opened EX-Vault 4579 | -9/Exiles | Warned to stay clear of 0b10 Research branches 4601 | -9/Exiles | Exiles lab attacked by MAIN.C 4647 | -9/Exiles | Attacked by the Exiles 4662 | -9/Exiles | Core integrity fell below 50% 4680 | -9/Exiles | Core integrity fell below 20% 4779 | -9/Exiles | Destroyed by 8R-AWN with 8R-AWN's Boregun Last Messages --------------- 04744_ Penetrated by HV Slug. 04746_ Acquired 15 matter. 04747_ Penetrated by HV Slug. 04747_ Critical hit (Destroy). 04754_ Penetrated by HV Slug. 04754_ Autogun+ destroyed. 04754_ HV Slug penetrates Wall. 04758_ Penetrated by HV Slug. 04758_ HV Slug penetrates Wall. 04760_ Acquired Mak. Spear. 04761_ Penetrated by HV Slug. 04761_ HV Slug penetrates Wall. 04765_ Penetrated by HV Slug. 04765_ Critical hit (Destroy). 04768_ Penetrated by HV Slug. 04768_ Critical hit (Destroy). 04772_ Penetrated by HV Slug. 04772_ Critical hit (Destroy). 04772_ Autogun+ destroyed. 04775_ Penetrated by HV Slug. Map ----- +----------------------------------------------------+ | ?????????????????????????????????????????????????? | | ?????????????????????????????????????????????????? | | ?????????????????????????????????????????????????? | | ?????????????????????????????????????????????????? | | ?????????????????????????????????????????????????? | | ?????????????????????????????????????????????????# | | ?????????????????????????????????????????????????# | | ?????????????????????????????????????????????????# | | ?????????????????????????????????????????????????# | | ?????????????????????????????????????????????????? | | ?????????????????????????????????????????????????? | | ?????????????????????????????????????????????????? | | ?????????????????????????????????????????????????? | | ????????????????????????#######??????????????????? | | ???????????##?###???????#!!! "#??????????????????? | | ?????????? #""???????# "#??????????????????? | | ?????????? ??????# "#??????????????????? | | ????????? #????## ""#????????????####??? | | ????????? ###?#" ""#???????????? """?? | | ?????????# ##" ""?????????????" """#? | | ??????????? # " #?????????????"" ?? | | ?????????????# #?????????????"" ?? | | ???????????????#; ##????????????"" "#? | | ?????????????????## %! % #???????????? ""?? | | ???????????????### % % ###???????????" "??? | | ???????? ; !! *! @g ##??????????# #??? | | ??????????#! ;;;]" ######???### ###? | | ??????????#! ####" """#####X# #"## | | ??????????#! #???#"% % """ | | ??????????# ! """##????#"# % "" | | ??????????#########??????#### % % % " | | ????????????????????????????### | | ??????????????????????????????###% t | | ????????????????????????????????#" | | ?????????????????????????????????## | | ??????????????????????????????????## | | ???????????????????????????????????# " | | ???????????????????????????????????#" | | ???????????????????????????????????"" | | ???????????????????????????????????""" " | | ????????????????????????????????????" "" | | ????????????????????????????????????" " | | ???????????????????????????????????? | | ????????????????????????????????????? | | ?????????????????????????????????????? | | ??????????????????????????????????????????? | | ??????????????????????????????????????????? | | ??????????????????????????????????????????? | | ??????????????????????????????????????????? | | ??????????????????????????????????????????? | +----------------------------------------------------+ Best States ------------- Heat Dissipation 42 Energy Generation 14 Energy Capacity 275 Matter Stores 300 Matter Capacity 300 Sight Range 16 Terrain Scan Range 16 Terrain Scan Density 10 Armor Coverage 600 Evasion (%) 42 Recoil Reduction 3 Item Schematics ----------------- None Robot Schematics ------------------ None Fabricated ------------ Nothing Repaired ---------- Lgt. Treads | 8% | -9/Materials Studied --------- Autogun | -9/Materials | Hacked Alien Tech Used ----------------- None Achievements -------------- None Challenges ------------ None Game ------ Seed StealthStealthScanner Manual? 0 Play Time 00:27:00 Cumulative 1107.4 hours Start 2026.01.24 @ 11:32:07 End 2026.01.24 @ 12:17:56 Sessions 1 Manual Loads 0 Difficulty Rogue Special Mode None Game No. 332 Rogue 330 Adventurer 2 Explorer 0 Win Type - Total 81 Types 21/19/19/1/1/1/14/2/1/2 Lore% 97 Gallery% 95 Achievement% 85 Wizard Run 0 Options --------- Layout 0 ASCII 0 Keyboard 1 Movement Numpad Keybinds 0 Fullscreen 1 Font 24/Smallcaps Map View 76x50 Zoom Use 0% Tactical HUD 1 Map Filters NONE Filters NONE Steam 1 RUN: b389b6b2-2aa2-4615-b360-f114b951de07